 Dungeon Crawl Stone Soup version 0.31-a0-232-gb1c03b2570 (webtiles) character file.

Game seed: 7114788029040368194

114 qw the Shooter (level 4, 0/26 HPs)
             Began as a Gargoyle Hexslinger on July 7, 2023.
             Slain by a goblin
             ... wielding a +0 dagger
              (2 damage)
             ... on level 2 of the Dungeon.
             The game lasted 00:00:32 (1076 turns).

qw the Shooter (Gargoyle Hexslinger)                Turns: 1076, Time: 00:00:32

Health: 0/26       AC:  6    Str: 11    XL:     4   Next: 97%
Magic:  5/5        EV: 11    Int: 14    God:
Gold:   20         SH:  0    Dex: 14    Spells: 4/5 levels left

rFire   . . .        Y - +1 sling
rCold   . . .        (no shield)
rNeg    + . .        f - +0 leather armour
rPois   inf          (no helmet)
rElec   +            (no cloak)
rCorr   .            (no gloves)
SInv    .            (no boots)
Will    .....        (no amulet)
Stlth   +            (no ring)
HPRegen 0.24/turn    (no ring)
MPRegen 0.09/turn

%: no passive effects
@: slowed, very slow
A: sickness immunity, AC +3, negative energy resistance 1, electricity
resistance, torment resistance 1, petrification resistance
a: no special abilities


You were on level 2 of the Dungeon.
You visited 1 branch of the dungeon, and saw 2 of its levels.

You collected 70 gold pieces.
You spent 50 gold pieces at shops.


Innate Abilities, Weirdness & Mutations

You are immune to sickness and miasma.
Your stone body is resilient. (AC +3)
You are immune to poison.
You resist negative energy. (rN+)
You are resistant to electric shocks. (rElec)
You are resistant to unholy torment.
You are immune to petrification.


   Skills:
 - Level 2.0 Fighting
 + Level 4.7 Ranged Weapons
 - Level 1.5 Dodging
 - Level 1.0 Spellcasting
 - Level 2.6 Hexes


You had 4 spell levels left.
You knew the following spells:

 Your Spells              Type           Power      Damage    Failure   Level
a - Slow                  Hex            32%        N/A       12%         1

Your spell library contained the following spells:

 Spells                   Type           Power      Damage    Failure   Level
 Inner Flame              Hex/Fire       4%         N/A       52%         3
 Portal Projectile        Hex/Tloc       8%         N/A       52%         3
 Cause Fear               Hex            4%         N/A       75%         4

Inventory:

Hand Weapons
 Y - a +1 sling (weapon)
Armour
 f - a +0 leather armour (worn)
Scrolls
 e - 4 scrolls of identify
Potions
 h - a potion of curing

Dungeon Overview and Level Annotations

Branches:
Dungeon (2/15)

Altars:

Shops:
D:1 *

Annotations:
D:2 Jessica, Natasha


Message History

1068 ||| Stepping ~*~*~tactically~*~*~ (outnumbered).
You shoot a sling bullet.
The sling bullet closely misses the hobgoblin.
You hear an angry hiss.
You shoot a sling bullet. The sling bullet hits the hobgoblin.
You kill the hobgoblin!
Natasha wildly gestures.
You feel troubled. Natasha casts a spell at you.
You feel yourself slow down.
You shoot a sling bullet.
The sling bullet completely misses Natasha.
The goblin shoots a sling bullet.
The sling bullet closely misses you.
Natasha stares at you and mumbles some strange words.
You resist with some effort.
The goblin shoots a sling bullet.
The sling bullet closely misses you.
1072 ||| Stepping ~*~*~tactically~*~*~ (outnumbered).
Natasha stares at you and mumbles some strange words.
The magic dart hits you.
You shoot a sling bullet. The sling bullet barely misses Natasha.
Natasha closely misses you. Jessica hits you with a +0 dagger.
Natasha claws you.
You shoot a sling bullet.
The sling bullet closely misses Jessica.
Jessica barely misses you. Natasha claws you!
A rat comes into view.
Jessica closely misses you. Natasha claws you.
You shoot a sling bullet.
The sling bullet closely misses Jessica.
The goblin unwields a +0 sling.
The goblin wields a +0 dagger.
The goblin hits you but does no damage. Jessica hits you with a +0 dagger.
Natasha claws you but does no damage.
You shoot a sling bullet. The sling bullet hits Jessica.
Jessica is lightly wounded.
The goblin barely misses you.
Jessica gestures wildly while chanting.
Jessica blinks!
Natasha mumbles some strange words.
The goblin hits you with a +0 dagger.
You die...

#.....# ##### ..... #.....#
# .)... ##.#### ...)..
##..# ....?. #..[# #
......# ####.#.# #
......<###.5....# ###
..........h###.##########..
.....g..##@##..#...........
....>..)##¤g.....###...###.
.....$.#.)..#.#####.<...##.
......#..##................
........###....###.........
.......# #....# #.......##
....... #....# #......##
.?.... ###....#......<# ...
####.#.......#


You could see Natasha, a cerulean imp (summoned) and a goblin.

Vanquished Creatures
  Natasha (twice) (D:2)
  2 gnolls (D:1)
  An adder (D:1)
  3 endoplasms
  2 goblins (D:1)
  5 hobgoblins
  4 jackals (D:1)
  A quokka (D:1)
  4 ball pythons
  3 bats
  2 frilled lizards (D:1)
  6 kobolds
  2 rats (D:2)
37 creatures vanquished.

Notes
Turn   | Place    | Note
-------+----------+-------------------------------------------
     0 | D:1      | qw the Gargoyle Hexslinger began the quest for the Orb.
     0 | D:1      | Reached XP level 1. HP: 12/12 MP: 2/2
     0 | D:1      | 0 ||| qw: Version: 0.3-a-46-gb1f654a
     0 | D:1      | 0 ||| qw: Game counter: 2274
     0 | D:1      | 0 ||| qw: Melee chars always use a shield: true
     0 | D:1      | 0 ||| qw: God list: Okawaru
     0 | D:1      | 0 ||| qw: Allow faded altars: false
     0 | D:1      | 0 ||| qw: Do Orc after clearing Dungeon:15 true
     0 | D:1      | 0 ||| qw: Do second Lair branch before Depths: true
     0 | D:1      | 0 ||| qw: Lair rune preference: random
     0 | D:1      | 0 ||| qw: Goals: Normal
     0 | D:1      | 0 ||| PLANNING D:1-11
    32 | D:1      | Reached XP level 2. HP: 8/16 MP: 3/3
    36 | D:1      | Reached skill level 3 in Ranged Weapons
   111 | D:1      | HP: 4/17 [constriction (1)]
   209 | D:1      | Reached XP level 3. HP: 21/21 MP: 4/4
   569 | D:1      | Found Qasoheit's General Store.
   577 | D:1      | 577 ||| BUYING potion of curing (30 gold).
   577 | D:1      | Bought a potion of curing for 30 gold pieces
   577 | D:1      | 577 ||| SHOPLISTING scroll of brand weapon (95 gold, have
                  | 23).
   577 | D:1      | 577 ||| BUYING scroll of identify (20 gold).
   577 | D:1      | Bought a scroll of identify for 20 gold pieces
   742 | D:1      | 742 ||| UPGRADING to +0 leather armour.
   752 | D:1      | 752 ||| DROPPING +0 robe.
   753 | D:1      | 753 ||| READING 2 scrolls labelled XUOHUN RIQOUCH.
   756 | D:1      | 756 ||| READING 4 scrolls of identify.
   756 | D:1      | 756 ||| IDENTIFYING metallic clear potion
   757 | D:1      | 757 ||| DROPPING scroll of poison.
   775 | D:2      | 775 ||| STAIRDANCE
   863 | D:2      | Noticed Natasha
   874 | D:2      | Killed Natasha
   875 | D:2      | Reached skill level 4 in Ranged Weapons
   875 | D:2      | Reached XP level 4. HP: 15/26 MP: 5/5
   985 | D:2      | Noticed Natasha
   990 | D:2      | Noticed Jessica
   994 | D:2      | HP: 5/26 [hobgoblin/+0 club (3)]
   995 | D:2      | 995 ||| READING scroll of teleportation.
   996 | D:2      | 996 ||| DRINKING potion of heal wounds.
   997 | D:2      | Killed Natasha
   998 | D:2      | Noticed Natasha
  1066 | D:2      | 1066 ||| Stepping ~*~*~tactically~*~*~ (outnumbered).
  1068 | D:2      | 1068 ||| Stepping ~*~*~tactically~*~*~ (outnumbered).
  1072 | D:2      | 1072 ||| Stepping ~*~*~tactically~*~*~ (outnumbered).
  1074 | D:2      | HP: 3/26 [Natasha (4)]
  1076 | D:2      | Slain by a goblin

Levels and vault maps discovered:
D:1:      scummos_arrival_star, layout_loops_ring, serial_shops, shop,
          dk_noncrumbling_3
D:2:      layout_rooms, uniq_jessica, uniq_natasha

Skill      XL: |  1  2  3 |
---------------+----------+-----
Ranged Weapons | 3 4 |  4.7
Fighting       | 2 |  2.0
Dodging        | |  1.5
Spellcasting   | |  1.0
Hexes          | |  2.6

Action                     |  1- 3 |  4- 6 || total
---------------------------+-------+-------++-------
   Fire: Sling             |   110 |    42 ||   152
    Use: Scroll            |     2 |     1 ||     3
         Potion            |       |     1 ||     1
 Armour: Robe              |    21 |       ||    21
         Leather armour    |    20 |    14 ||    34
  Dodge: Dodged            |    70 |    27 ||    97

Table legend:
 A = Non-vault XP
 B = Vault XP
 C = Vault XP percentage of total XP
 D = Non-vault monster count
 E = Vault monster count
 F = Vault count percentage of total count
                 A         B        C        D         E       F
            +---------+---------+-------+---------+---------+-------
      Total |     131 |      32 |  19.6 |      36 |       1 |   2.7
            +---------+---------+-------+---------+---------+-------
        D:1 |      76 |       0 |   0.0 |      23 |       0 |   0.0
        D:2 |      55 |      32 |  36.8 |      13 |       1 |   7.1
            +---------+---------+-------+---------+---------+-------
